 Dungeon Crawl Stone Soup version 0.29-a0-872-g797fff5ad1 (webtiles) character file.

Game seed: 8032245833675798598

197 jimonade the Covert (level 6, -5/36 HPs)
             Began as a Kobold Brigand on July 18, 2022.
             Slain by a gnoll
             ... wielding a +0 flail
             ... led by a gnoll bouda
              (6 damage)
             ... on level 5 of the Dungeon.
             The game lasted 00:05:01 (4451 turns).

jimonade the Covert (Kobold Brigand)                Turns: 4451, Time: 00:05:02

Health: -5/36      AC:  6    Str:  8    XL:     6   Next: 5%
Magic:  6/6        EV: 15    Int: 12    God:
Gold:   114        SH:  0    Dex: 19    Spells: 5/5 levels left

rFire   . . .      SeeInvis .   k - +2 dagger (flame)
rCold   . . .      Faith    .   (no shield)
rNeg    . . .      Spirit   .   v - +2 robe {Will+}
rPois   .          Reflect  .   q - +0 helmet
rElec   .          Harm     .   c - +0 cloak
rCorr   .          Rampage  .   (no gloves)
Will    +....                   (no boots)
Stlth   +++++.....              (no amulet)
HPRegen 0.12/turn               (no ring)
MPRegen 0.10/turn               (no ring)

@: weakened
A: small, no large weapons, nightstalker 3
a: no special abilities


You were on level 5 of the Dungeon.
You visited 1 branch of the dungeon, and saw 5 of its levels.

You collected 114 gold pieces.

Inventory:

Hand Weapons
 a - a +2 dagger
 f - a +0 short sword
 k - a +2 dagger of flaming (weapon)
 s - a +0 vampiric dagger
Missiles
 d - 17 poisoned darts (quivered)
 e - 3 curare-tipped darts
 r - 6 boomerangs
Armour
 b - a +0 robe
 c - a +0 cloak (worn)
 q - a +0 helmet (worn)
 v - a +2 robe of willpower (worn)
Jewellery
 i - a ring of ice
Scrolls
 j - 2 scrolls of identify {unknown}
 n - a scroll of summoning {unknown}
 o - a scroll of noise {unknown}
 t - a scroll of teleportation {unknown}
 w - a scroll of fear {unknown}
Potions
 g - a potion of haste {unknown}
 l - a potion of mutation {unknown}
 m - 3 potions of curing {unknown}
 p - a potion of ambrosia {unknown}
 u - 2 potions of magic {unknown}


   Skills:
 + Level 2.4 Fighting
 + Level 3.8 Short Blades
 - Level 2.1 Throwing
 + Level 2.1 Dodging
 * Level 8.6 Stealth


You had 5 spell levels left.
You didn't know any spells.
Your spell library was empty.

Dungeon Overview and Level Annotations

Branches:
Dungeon (5/15)
 Temple: D:4-7

Altars:
Dithmenos
Yredelemnul


Innate Abilities, Weirdness & Mutations

You are small and have problems with some larger weapons.
You are completely attuned to the shadows.


Message History

The gnoll hits you but does no damage. The gnoll barely misses you.
The gnoll attacks as you move away! The gnoll hits you but does no damage.
There is a stone staircase leading down here.
You climb downwards.
You hear the hiss of flowing sand.
There is an entrance to an ossuary on this level.
Hurry and find it before the portal is buried!
There is a stone staircase leading up here.
As you read the scroll labelled VUNITI CAIWU, it crumbles to dust.
You feel aware of your surroundings.
You sensed 1 shop/portal.
It was a scroll of magic mapping. 2 gnolls come into view.
A gnoll bouda, a gnoll and a gnoll sergeant come into view.
The gnoll hits you with a +0 flail! The gnoll attacks as you move away!
The gnoll closely misses you. The gnoll attacks as you move away!
The gnoll hits you with a +0 flail!
* * * LOW HITPOINT WARNING * * *
The gnoll bouda gazes fiercely through you!
You feel your attacks grow feeble.
The gnoll bouda barks out a call to the hunt!
The gnoll picks up the pace!
You hear a shout!
The gnoll misses you.
Your attacks no longer feel as feeble.
The gnoll hits you but does no damage. The gnoll attacks as you move away!
The gnoll closely misses you. The gnoll hits you with a +0 flail.
* * * LOW HITPOINT WARNING * * *
The gnoll attacks as you move away! The gnoll barely misses you.
The gnoll attacks as you move away! The gnoll closely misses you.
You strike the helpless gnoll from behind!
You impale the gnoll!! You burn the gnoll.
You kill the gnoll!
The gnoll hits you with a +0 flail.
* * * LOW HITPOINT WARNING * * *
You have reached level 6!
The gnoll bouda gazes fiercely through you!
You feel your attacks grow feeble.
You see here a +0 spear.
The gnoll attacks as you move away! The gnoll hits you with a +0 flail.
You die...

******* ### ###
****,....**###<####.#
**,,,,....,.....@g.g.#
*,,,,,P...*#....####.#
*,,,,,gPP.##########.#
,,,,,,..P........g...#
,,,,,,....############
,,,,,,Pg..* *,,,,,gPP.*
*,,,,,PP..* **********
**,,,,,,,********,,,,,,,,********


You could see a gnoll bouda and a gnoll (swift).

Vanquished Creatures
  Jessica (D:3)
  An iguana (D:4)
  A gnoll (D:5)
  2 adders
  3 worms
  4 dart slugs
  6 orcs
  6 endoplasms
  3 giant cockroaches
  8 goblins
  6 hobgoblins
  4 jackals
  11 kobolds
  7 quokkas
  7 ball pythons
  7 bats
  3 frilled lizards
  8 rats
88 creatures vanquished.

Vanquished Creatures (others)
  8 plants
8 creatures vanquished.

Grand Total: 96 creatures vanquished

Notes
Turn   | Place    | Note
-------+----------+-------------------------------------------
     0 | D:1      | jimonade the Kobold Brigand began the quest for the Orb.
     0 | D:1      | Reached XP level 1. HP: 12/12 MP: 1/1
    21 | D:1      | Found a faded altar of an unknown god.
   112 | D:1      | Reached XP level 2. HP: 13/17 MP: 2/2
   131 | D:1      | Reached skill level 6 in Stealth
   746 | D:1      | Reached XP level 3. HP: 21/21 MP: 3/3
  1797 | D:2      | Reached skill level 7 in Stealth
  1820 | D:2      | Reached XP level 4. HP: 26/26 MP: 4/4
  2982 | D:3      | Reached XP level 5. HP: 30/30 MP: 5/5
  3255 | D:3      | Noticed Jessica
  3260 | D:3      | Killed Jessica
  3261 | D:3      | Reached skill level 8 in Stealth
  3556 | D:4      | Found a basalt altar of Yredelemnul.
  3556 | D:4      | Found a shadowy altar of Dithmenos.
  4416 | D:5      | Entered Level 5 of the Dungeon
  4449 | D:5      | HP: 1/31 [gnoll/+0 flail[a gnoll bouda] (3)]
  4450 | D:5      | Reached XP level 6. HP: 1/36 MP: 6/6
  4451 | D:5      | Slain by a gnoll

Illustrated notes

Levels and vault maps discovered:
D:1:      heliophobic_arrival_henge, layout_basic,
          shapermc_ecumenical_altar_mp_vishouse
D:2:      layout_basic, minmay_divided_ellipse
D:3:      layout_basic, serial_bayou_pond_e, grunt_decor_cap,
          minmay_misc_feat_alley, uniq_jessica
D:4:      layout_cave_pods, chequers_temple_overflow_statue_of_worship,
          uniq_sigmund
D:5:      layout_basic, nicolae_ossuary_entry_plus, minmay_misc_feat_x,
          hangedman_decor_growths, nicolae_grassy_gnolls

Skill      XL: |  1  2  3  4  5 |
---------------+----------------+-----
Stealth        | 6 7 8 |  8.6
Short Blades   | 3 |  3.8
Dodging        | 2 |  2.1
Fighting       | |  2.4
Throwing       | |  2.1

Action                   |  1- 3 |  4- 6 || total
-------------------------+-------+-------++-------
Melee: Dagger            |    81 |   115 ||   196
       Punch             |     1 |     1 ||     2
  Use: Scroll            |       |     1 ||     1
 Stab: Sleeping          |    17 |    32 ||    49
       Distracted        |       |     2 ||     2
Armor: Robe              |    14 |    15 ||    29
Dodge: Dodged            |    39 |    56 ||    95

Table legend: (Time is in decaauts)
 A = Elapsed time spent in this place.
 B = Non-inter-level travel time spent in this place.
 C = Inter-level travel time spent in this place.
 D = Time resting spent in this place.
 E = Time spent auto-exploring this place.
 F = Levels seen in this place.
 G = Mean time per level.
                   A        B        C        D        E       F      G
               +--------+--------+--------+--------+--------+-----+--------+
         Total |   4419 |   4375 |     44 |    994 |   2777 |   5 |  883.8 |
       Dungeon |   4419 |   4375 |     44 |    994 |   2777 |   5 |  883.8 |
               +--------+--------+--------+--------+--------+-----+--------+

Top non-repeatable levels by time:
     D:1: 1583 daAuts
     D:2: 1081 daAuts
     D:3: 865 daAuts
     D:4: 855 daAuts
     D:5: 34 daAuts
